 Seeded DCSS version 0.30-a0-359-gd0147acb1a (webtiles) character file.

Game seed: 1001209393993920020 (custom seed)

21 gamesnag the Trooper (level 2, -7/40 HPs)
             Began as a Draconian Berserker on Nov 11, 2022.
             Was a Follower of Trog.
             Mangled by Sigmund
             ... wielding a +2 scythe of protection
              (10 damage)
             ... on level 2 of the Dungeon.
             The game lasted 00:03:32 (890 turns).

gamesnag the Trooper (Draconian Berserker)           Turns: 890, Time: 00:03:33

Health: -7/40      AC:  4    Str: 19    XL:     2   Next: 65%
Magic:  0/2        EV: 12    Int:  7    God:    Trog [*.....]
Gold:   3          SH:  0    Dex: 10    Spells: 1/1 levels left

rFire   . . .      SeeInvis .    a - +0 hand axe
rCold   . . .      Faith    .    (no shield)
rNeg    . . .      Spirit   +    (body armour unavailable)
rPois   .          Reflect  .    (helmet restricted)
rElec   .          Harm     .    (no cloak)
rCorr   +          Rampage  .    (no gloves)
Will    .....                    (no boots)
Stlth   ..........               h - amulet of guardian spirit
HPRegen 0.26/turn                f - ring of resist corrosion
MPRegen 0.08/turn                (no ring)

@: confused, berserking, hasted, very quick
A: AC +4, unfitting armour, cold-blooded
a: Renounce Religion, Berserk


You were on level 2 of the Dungeon.
You worshipped Trog.
Trog was aware of your devotion.
You visited 1 branch of the dungeon, and saw 2 of its levels.

You collected 3 gold pieces.

Inventory:

Hand Weapons
 a - a +0 hand axe (weapon)
Jewellery
 f - a ring of resist corrosion (left hand)
 h - an amulet of guardian spirit (around neck)
Scrolls
 b - a scroll of fog {unknown}
 e - a scroll of teleportation {unknown}
Potions
 d - a potion of berserk rage
 g - a potion of magic {unknown}


   Skills:
 + Level 3.6 Fighting
 + Level 3.4 Axes
 + Level 3.0 Dodging


You had one spell level left.
You didn't know any spells.
Your spell library was empty.

Dungeon Overview and Level Annotations

Branches:
Dungeon (2/15)

Altars:

Shops:
D:1 (

Annotations:
D:2 Sigmund


Innate Abilities, Weirdness & Mutations

Your plain brown scales are hard. (AC +4)
You cannot fit into any form of body armour.
You are cold-blooded and may be slowed by cold attacks.


Message History

You see here a +0 dagger.
f - a ring of resist corrosion (left hand)
You see here a +0 dagger.
Found a stone staircase leading up.
A rat comes into view.
Found a scroll labelled HESCHETZA DEA.
The rat bites you but does no damage.
You hit the rat.
You kill the rat!
Trog accepts your kill.
You see here a rat corpse.
Sigmund the Dreaded comes into view.
He is wielding a +2 scythe of protection.
Sigmund shouts!
Sigmund points at you and mumbles some strange words.
The magic dart hits you. Sigmund gestures at you while chanting.
The magic dart hits you! Sigmund closely misses you.
You hit Sigmund but do no damage.
You tail-slap Sigmund, but do no damage.
Sigmund gestures wildly while chanting.
Sigmund flickers and vanishes!
Deactivating autopickup; reactivate with Ctrl-A.
You hit something but do no damage. Something hits you!
You hit something but do no damage. Something hits you.
You closely miss something. You hit something but do no damage.
Something hits you but does no damage.
You closely miss something.
You hear some strange, mumbled words.
You are confused.
Something hits you!
* * * LOW HITPOINT WARNING * * *
Something hits you.
* * * LOW HITPOINT WARNING * * *
Okay, then.
It was a potion of haste.
You feel yourself speed up.
It was a potion of berserk rage.
A red film seems to cover your vision as you go berserk!
You feel yourself moving faster!
You feel mighty! Something hits you!
You die...

#.#....#####
#.#.....#...
#.........#
#........# ....?...#
### #......#
######<.
##.{....#####...)...
#.......##....##....
#..@........#....#..
#...........#.####..
##............# #..
##.....<...### ##.
#......†..# .
#.........# .
#.........#
#............
#.........####


There were no monsters in sight!

Vanquished Creatures
  3 endoplasms (D:1)
  2 goblins
  5 hobgoblins (D:1)
  3 bats (D:1)
  3 kobolds (D:1)
  3 rats
19 creatures vanquished.

Notes
Turn   | Place    | Note
-------+----------+-------------------------------------------
     0 | D:1      | gamesnag the Draconian Berserker began the quest for the
                  | Orb.
     0 | D:1      | Reached XP level 1. HP: 19/19 MP: 1/1
   351 | D:1      | Found Omiruiti's Weapon Emporium.
   359 | D:1      | Reached XP level 2. HP: 26/26 MP: 2/2
   876 | D:2      | Noticed Sigmund
   888 | D:2      | HP: 1/27 [something (1)]
   890 | D:2      | Mangled by Sigmund

Illustrated notes

Levels and vault maps discovered:
D:1:      co_arrival_random_square_maze, layout_basic, serial_shops,
          nicolae_shop_advertising_works [nicolae_subvault_shop_adworks]
D:2:      layout_rooms, uniq_sigmund

Skill      XL: |  1  2 |
---------------+-------+-----
Dodging        | 3 |  3.0
Fighting       | |  3.6
Axes           | |  3.4

Action                   || total
-------------------------++-------
Melee: Hand axe          ||    54
       Tailslap          ||     6
  Use: Potion            ||     2
Armor: Skin              ||    13
Dodge: Dodged            ||    46

Table legend: (Time is in decaauts)
 A = Elapsed time spent in this place.
 B = Non-inter-level travel time spent in this place.
 C = Inter-level travel time spent in this place.
 D = Time resting spent in this place.
 E = Time spent auto-exploring this place.
 F = Levels seen in this place.
 G = Mean time per level.
                   A        B        C        D        E       F      G
               +--------+--------+--------+--------+--------+-----+--------+
         Total |    897 |    883 |     14 |      0 |    642 |   2 |  448.5 |
       Dungeon |    897 |    883 |     14 |      0 |    642 |   2 |  448.5 |
               +--------+--------+--------+--------+--------+-----+--------+

Top non-repeatable levels by time:
     D:1: 845 daAuts
     D:2: 52 daAuts
